[ PARTIDA AOE2 · #507840532 ]
UnrankedVietnamitas vs Mongols
Equipo del jugador · VICT
Equipo rival · DERR
[ ANÁLISIS DE REPETICIÓN · EXTRAÍDO DE LA PARTIDA GRABADA ]
Feudal
10:11
Castillos
21:29
Imperial
32:54
| APM promedio | 35.3 |
| APM pico | 81 |
| eAPM promedio | 19.6 |
| Aldeanos / militares | 119 / 121 |
Foco
⚔️ 33.4% · 🌾 66.6%
Archer ×103 · Fishing Ship ×34 · Skirmisher ×5 · Bombard Cannon ×5 · Trebuchet (Packed) ×3 · Galley ×2
Feudal
10:06
Castillos
24:39
Imperial
41:57
| APM promedio | 38.3 |
| APM pico | 68 |
| eAPM promedio | 17.3 |
| Aldeanos / militares | 75 / 28 |
Foco
⚔️ 39.9% · 🌾 60.1%
Fishing Ship ×27 · Scout Cavalry ×18 · Mangudai ×5 · Mangonel ×2 · Demolition Raft ×2 · Spearman ×1
Mapa de la partida
Recursos iniciales + cada clic de construcción. Líneas = muros · curvas = relieve. ◆ oro · ⬟ piedra · ● bayas · ✦ reliquia · ◌ hueco del cierre
Tu base· Abierta — flanco sin cerrar
Base de NecroSorcererII· Abierta — hueco de 4t
Terreno inicial suavizado · ◌ = hueco del cierre detectado · pasá el cursor para detalles
Inputs por minuto
— Lord_calderon - - NecroSorcererII
Build order — Lord_calderon
Primeras 150 de 399 acciones detectadas
| 0:02 | Encolar | Villager (Male) |
| 0:02 | Encolar | Villager (Male) |
| 0:03 | Construir | House |
| 0:04 | Construir | House |
| 0:07 | Encolar | Villager (Male) |
| 0:08 | Encolar | Villager (Male) |
| 0:08 | Encolar | Villager (Male) |
| 1:34 | Encolar | Villager (Male) |
| 1:35 | Encolar | Villager (Male) |
| 2:07 | Construir | Lumber Camp |
| 2:09 | Encolar | Villager (Male) |
| 2:25 | Encolar | Villager (Male) |
| 2:35 | Encolar | Villager (Male) |
| 3:13 | Encolar | Villager (Male) |
| 3:19 | Construir | House |
| 3:44 | Encolar | Villager (Male) |
| 3:44 | Encolar | Villager (Male) |
| 4:24 | Encolar | Villager (Male) |
| 4:24 | Encolar | Villager (Male) |
| 4:35 | Construir | Dock |
| 4:42 | Encolar | Villager (Male) |
| 4:48 | Construir | Palisade Wall |
| 4:50 | Construir | Palisade Wall |
| 4:51 | Construir | Palisade Wall |
| 4:59 | Encolar | Villager (Male) |
| 5:03 | Construir | House |
| 5:29 | Construir | Palisade Wall |
| 5:35 | Encolar | Fishing Ship |
| 5:36 | Encolar | Villager (Male) |
| 5:55 | Encolar | Villager (Male) |
| 6:02 | Encolar | Villager (Male) |
| 6:02 | Encolar | Villager (Male) |
| 6:15 | Construir | House |
| 6:37 | Encolar | Fishing Ship |
| 7:09 | Encolar | Fishing Ship |
| 7:21 | Encolar | Villager (Male) |
| 7:54 | Encolar | Fishing Ship |
| 8:01 | Investigar | Feudal Age |
| 8:01 | Investigar | Feudal Age |
| 8:52 | Encolar | Fishing Ship |
| 9:03 | Construir | Mining Camp |
| 9:22 | Construir | House |
| 9:26 | Construir | Palisade Wall |
| 9:27 | Construir | Palisade Wall |
| 9:32 | Construir | Palisade Wall |
| 9:35 | Construir | Palisade Wall |
| 10:11 | Edad | Edad Feudal |
| 10:18 | Construir | Watch Tower |
| 10:19 | Encolar | Villager (Male) |
| 10:24 | Investigar | Double-Bit Axe |
| 10:30 | Construir | Blacksmith |
| 10:48 | Encolar | Villager (Male) |
| 11:02 | Encolar | Fishing Ship |
| 11:10 | Construir | Watch Tower |
| 11:19 | Investigar | Loom |
| 11:21 | Investigar | Fletching |
| 11:24 | Encolar | Villager (Male) |
| 11:33 | Construir | House |
| 11:35 | Construir | House |
| 12:03 | Encolar | Fishing Ship |
| 12:05 | Encolar | Villager (Male) |
| 12:25 | Construir | Watch Tower |
| 12:29 | Encolar | Villager (Male) |
| 12:40 | Encolar | Villager (Male) |
| 12:46 | Encolar | Fishing Ship |
| 12:46 | Encolar | Fishing Ship |
| 13:03 | Encolar | Villager (Male) |
| 13:07 | Construir | Palisade Wall |
| 13:07 | Construir | Palisade Wall |
| 13:07 | Construir | Palisade Wall |
| 13:07 | Construir | Palisade Wall |
| 13:08 | Construir | Palisade Wall |
| 13:08 | Construir | Palisade Wall |
| 13:08 | Construir | Palisade Wall |
| 13:09 | Construir | Palisade Wall |
| 13:11 | Construir | Palisade Wall |
| 13:13 | Encolar | Villager (Male) |
| 13:17 | Encolar | Fishing Ship |
| 13:20 | Encolar | Fishing Ship |
| 13:51 | Encolar | Fishing Ship |
| 13:56 | Construir | Dock |
| 14:03 | Construir | House |
| 14:04 | Construir | House |
| 14:32 | Encolar | Villager (Male) |
| 14:35 | Encolar | Fishing Ship |
| 14:35 | Encolar | Fishing Ship |
| 14:35 | Encolar | Fishing Ship |
| 14:39 | Construir | House |
| 14:44 | Encolar | Villager (Male) |
| 15:07 | Encolar | Villager (Male) |
| 15:21 | Encolar | Fishing Ship |
| 15:22 | Encolar | Fishing Ship |
| 15:25 | Construir | House |
| 15:29 | Construir | Mining Camp |
| 16:15 | Encolar | Fishing Ship |
| 16:15 | Encolar | Fishing Ship |
| 16:15 | Encolar | Fishing Ship |
| 16:36 | Encolar | Villager (Male) |
| 16:37 | Encolar | Villager (Male) |
| 17:23 | Construir | Barracks |
| 17:28 | Encolar | Fishing Ship |
| 17:29 | Encolar | Fishing Ship |
| 17:32 | Construir | House |
| 17:47 | Encolar | Villager (Male) |
| 18:10 | Construir | Stable |
| 18:16 | Construir | Archery Range |
| 18:17 | Encolar | Villager (Male) |
| 18:42 | Construir | Lumber Camp |
| 18:49 | Investigar | Castle Age |
| 18:49 | Investigar | Castle Age |
| 18:51 | Encolar | Fishing Ship |
| 18:51 | Encolar | Fishing Ship |
| 18:58 | Construir | Mining Camp |
| 19:02 | Investigar | Gold Mining |
| 19:04 | Encolar | Archer |
| 19:39 | Construir | Palisade Wall |
| 19:55 | Construir | House |
| 19:57 | Construir | House |
| 19:59 | Construir | Archery Range |
| 20:01 | Encolar | Archer |
| 20:01 | Encolar | Archer |
| 20:02 | Encolar | Archer |
| 20:03 | Investigar | Padded Archer Armor |
| 20:19 | Construir | House |
| 20:20 | Construir | Palisade Wall |
| 20:29 | Construir | Palisade Wall |
| 20:34 | Construir | Palisade Wall |
| 20:45 | Encolar | Archer |
| 20:45 | Encolar | Archer |
| 20:55 | Construir | Archery Range |
| 21:16 | Encolar | Archer |
| 21:28 | Investigar | Wheelbarrow |
| 21:29 | Edad | Edad de los Castillos |
| 21:37 | Investigar | Crossbowman (upgrade) |
| 21:40 | Investigar | Bodkin Arrow |
| 21:46 | Construir | Town Center |
| 21:57 | Investigar | Bow Saw |
| 21:59 | Encolar | Villager (Male) |
| 22:12 | Encolar | Archer ×3 |
| 22:23 | Encolar | Villager (Male) |
| 22:34 | Encolar | Archer ×5 |
| 22:56 | Encolar | Archer |
| 23:10 | Encolar | Villager (Male) |
| 23:16 | Construir | University |
| 23:19 | Encolar | Villager (Male) |
| 23:19 | Encolar | Villager (Male) |
| 23:20 | Encolar | Villager (Male) |
| 23:20 | Encolar | Villager (Male) |
| 23:21 | Encolar | Villager (Male) |
| 23:38 | Construir | Outpost |
Build order — NecroSorcererII
Primeras 150 de 205 acciones detectadas
| 0:01 | Encolar | Villager (Male) |
| 0:01 | Encolar | Villager (Male) |
| 0:03 | Construir | House |
| 0:04 | Construir | House |
| 0:21 | Encolar | Villager (Male) |
| 0:21 | Encolar | Villager (Male) |
| 0:21 | Encolar | Villager (Male) |
| 1:30 | Construir | House |
| 1:32 | Encolar | Villager (Male) |
| 1:32 | Encolar | Villager (Male) |
| 1:52 | Construir | Lumber Camp |
| 2:04 | Encolar | Villager (Male) |
| 2:04 | Encolar | Villager (Male) |
| 2:26 | Encolar | Villager (Male) |
| 2:53 | Encolar | Villager (Male) |
| 2:53 | Encolar | Villager (Male) |
| 3:19 | Encolar | Villager (Male) |
| 3:19 | Encolar | Villager (Male) |
| 3:20 | Encolar | Villager (Male) |
| 3:38 | Encolar | Villager (Male) |
| 3:38 | Encolar | Villager (Male) |
| 3:56 | Encolar | Villager (Male) |
| 3:57 | Encolar | Villager (Male) |
| 4:16 | Encolar | Villager (Male) |
| 4:16 | Encolar | Villager (Male) |
| 4:39 | Encolar | Villager (Male) |
| 4:50 | Construir | Dock |
| 4:52 | Construir | Palisade Wall |
| 5:08 | Encolar | Villager (Male) |
| 5:41 | Construir | House |
| 5:43 | Encolar | Villager (Male) |
| 5:55 | Encolar | Villager (Male) |
| 6:02 | Encolar | Fishing Ship |
| 6:03 | Encolar | Villager (Male) |
| 6:32 | Encolar | Fishing Ship |
| 6:33 | Encolar | Villager (Male) |
| 6:45 | Construir | House |
| 6:51 | Encolar | Villager (Male) |
| 7:08 | Investigar | Loom |
| 7:26 | Encolar | Fishing Ship |
| 7:47 | Investigar | Feudal Age |
| 8:04 | Construir | Palisade Wall |
| 8:10 | Construir | House |
| 8:19 | Construir | Palisade Wall |
| 8:22 | Encolar | Fishing Ship |
| 8:40 | Construir | Palisade Wall |
| 8:41 | Construir | Palisade Wall |
| 8:42 | Construir | Palisade Wall |
| 8:51 | Encolar | Villager (Male) |
| 8:51 | Encolar | Villager (Male) |
| 8:57 | Construir | Palisade Wall |
| 9:01 | Construir | Palisade Wall |
| 9:04 | Construir | Palisade Wall |
| 9:18 | Construir | Dock |
| 9:21 | Encolar | Fishing Ship |
| 9:23 | Encolar | Villager (Male) |
| 9:42 | Construir | Palisade Wall |
| 9:45 | Construir | Palisade Wall |
| 10:00 | Encolar | Fishing Ship |
| 10:02 | Construir | House |
| 10:03 | Encolar | Villager (Male) |
| 10:06 | Edad | Edad Feudal |
| 10:24 | Investigar | Double-Bit Axe |
| 10:29 | Construir | Palisade Wall |
| 10:32 | Encolar | Villager (Male) |
| 10:41 | Encolar | Fishing Ship |
| 10:42 | Encolar | Fishing Ship |
| 10:50 | Encolar | Villager (Male) |
| 11:10 | Construir | House |
| 11:10 | Construir | House |
| 11:28 | Construir | Mining Camp |
| 11:49 | Construir | Watch Tower |
| 11:57 | Encolar | Villager (Male) |
| 12:21 | Encolar | Villager (Male) |
| 12:44 | Encolar | Villager (Male) |
| 12:49 | Construir | Blacksmith |
| 13:21 | Construir | Lumber Camp |
| 13:24 | Encolar | Villager (Male) |
| 13:46 | Investigar | Fletching |
| 13:50 | Encolar | Villager (Male) |
| 14:42 | Construir | Barracks |
| 16:22 | Encolar | Fishing Ship |
| 16:23 | Encolar | Fishing Ship |
| 16:43 | Construir | Stable |
| 16:56 | Construir | House |
| 16:58 | Encolar | Fishing Ship |
| 17:11 | Construir | Mining Camp |
| 17:13 | Encolar | Villager (Male) |
| 17:14 | Encolar | Villager (Male) |
| 17:36 | Encolar | Scout Cavalry |
| 17:37 | Encolar | Scout Cavalry |
| 17:39 | Investigar | Scale Barding Armor |
| 17:43 | Construir | House |
| 18:07 | Encolar | Scout Cavalry |
| 18:13 | Construir | Stable |
| 18:18 | Investigar | Forging |
| 18:45 | Encolar | Scout Cavalry |
| 18:45 | Encolar | Scout Cavalry |
| 18:53 | Construir | House |
| 18:55 | Construir | House |
| 18:56 | Encolar | Fishing Ship |
| 18:57 | Encolar | Fishing Ship |
| 19:13 | Encolar | Spearman |
| 19:32 | Encolar | Scout Cavalry |
| 19:33 | Encolar | Scout Cavalry |
| 19:33 | Encolar | Scout Cavalry |
| 19:43 | Construir | Mill |
| 19:53 | Encolar | Scout Cavalry |
| 20:06 | Construir | House |
| 20:12 | Encolar | Fishing Ship |
| 20:13 | Encolar | Fishing Ship |
| 20:17 | Encolar | Fishing Ship |
| 20:18 | Encolar | Fishing Ship |
| 20:50 | Encolar | Villager (Male) |
| 21:58 | Construir | Dock |
| 21:59 | Investigar | Castle Age |
| 22:41 | Investigar | Bloodlines |
| 23:36 | Encolar | Fishing Ship |
| 23:36 | Encolar | Fishing Ship |
| 23:36 | Encolar | Fishing Ship |
| 23:37 | Encolar | Fishing Ship |
| 24:39 | Edad | Edad de los Castillos |
| 24:45 | Investigar | Light Cavalry (upgrade) |
| 24:46 | Investigar | Chain Barding Armor |
| 24:48 | Encolar | Scout Cavalry |
| 24:48 | Encolar | Scout Cavalry |
| 24:56 | Construir | Town Center |
| 25:17 | Encolar | Villager (Male) |
| 25:17 | Encolar | Villager (Male) |
| 25:17 | Encolar | Villager (Male) |
| 26:34 | Encolar | Scout Cavalry |
| 26:34 | Encolar | Scout Cavalry |
| 27:01 | Construir | Siege Workshop |
| 27:32 | Encolar | Mangonel |
| 27:51 | Encolar | Scout Cavalry |
| 27:59 | Encolar | Demolition Raft |
| 27:59 | Encolar | Villager (Male) |
| 28:01 | Encolar | Villager (Male) |
| 28:09 | Construir | Dock |
| 28:10 | Encolar | Villager (Male) |
| 28:10 | Encolar | Villager (Male) |
| 28:19 | Encolar | Villager (Male) |
| 28:19 | Encolar | Villager (Male) |
| 28:27 | Construir | Farm |
| 28:31 | Construir | Farm |
| 28:32 | Construir | Farm |
| 28:53 | Encolar | Villager (Male) |
| 29:49 | Encolar | Villager (Male) |
| 30:18 | Encolar | Villager (Male) |
| 30:19 | Encolar | Villager (Male) |
Cronología de la partida
| 4:35 | Lord_calderon · first_building Dock |
| 4:48 | Lord_calderon · wall_segment Palisade Wall x1 |
| 4:50 | Lord_calderon · wall_segment Palisade Wall x1 |
| 4:50 | NecroSorcererII · first_building Dock |
| 4:51 | Lord_calderon · wall_segment Palisade Wall x1 |
| 4:52 | NecroSorcererII · wall_segment Palisade Wall x1 |
| 5:29 | Lord_calderon · wall_segment Palisade Wall x1 |
| 8:04 | NecroSorcererII · wall_segment Palisade Wall x2 |
| 8:19 | NecroSorcererII · wall_segment Palisade Wall x1 |
| 8:40 | NecroSorcererII · wall_segment Palisade Wall x1 |
| 8:41 | NecroSorcererII · wall_segment Palisade Wall x1 |
| 8:42 | NecroSorcererII · wall_segment Palisade Wall x1 |
| 8:57 | NecroSorcererII · wall_segment Palisade Wall x1 |
| 9:01 | NecroSorcererII · wall_segment Palisade Wall x1 |
| 9:04 | NecroSorcererII · wall_segment Palisade Wall x1 |
| 9:26 | Lord_calderon · wall_segment Palisade Wall x4 |
| 9:27 | Lord_calderon · wall_segment Palisade Wall x2 |
| 9:32 | Lord_calderon · wall_segment Palisade Wall x1 |
| 9:35 | Lord_calderon · wall_segment Palisade Wall x1 |
| 9:42 | NecroSorcererII · wall_segment Palisade Wall x5 |
| 9:45 | NecroSorcererII · wall_segment Palisade Wall x4 |
| 10:06 | NecroSorcererII · age_up feudal |
| 10:11 | Lord_calderon · age_up feudal |
| 10:29 | NecroSorcererII · wall_segment Palisade Wall x3 |
| 13:07 | Lord_calderon · wall_segment Palisade Wall x1 |
| 13:07 | Lord_calderon · wall_segment Palisade Wall x1 |
| 13:07 | Lord_calderon · wall_segment Palisade Wall x2 |
| 13:07 | Lord_calderon · wall_segment Palisade Wall x1 |
| 13:08 | Lord_calderon · wall_segment Palisade Wall x2 |
| 13:08 | Lord_calderon · wall_segment Palisade Wall x2 |
| 13:08 | Lord_calderon · wall_segment Palisade Wall x2 |
| 13:09 | Lord_calderon · wall_segment Palisade Wall x1 |
| 13:11 | Lord_calderon · wall_segment Palisade Wall x1 |
| 14:42 | NecroSorcererII · first_building Barracks |
| 16:43 | NecroSorcererII · first_building Stable |
| 17:23 | Lord_calderon · first_building Barracks |
| 18:10 | Lord_calderon · first_building Stable |
| 18:16 | Lord_calderon · first_building Archery Range |
| 19:39 | Lord_calderon · wall_segment Palisade Wall x1 |
| 20:20 | Lord_calderon · wall_segment Palisade Wall x1 |
| 20:29 | Lord_calderon · wall_segment Palisade Wall x4 |
| 20:34 | Lord_calderon · wall_segment Palisade Wall x2 |
| 21:29 | Lord_calderon · age_up castle |
| 24:39 | NecroSorcererII · age_up castle |
| 27:01 | NecroSorcererII · first_building Siege Workshop |
| 29:03 | Lord_calderon · first_building Monastery |
| 31:44 | NecroSorcererII · first_building Castle |
| 32:54 | Lord_calderon · age_up imperial |
| 35:50 | Lord_calderon · first_market_buy 100 stone |
| 36:08 | Lord_calderon · first_building Castle |
| 38:44 | Lord_calderon · first_market_sell 100 food |
| 41:57 | NecroSorcererII · age_up imperial |
| 42:15 | NecroSorcererII · first_building Archery Range |
| 44:14 | Lord_calderon · first_building Siege Workshop |
| 47:14 | NecroSorcererII · resign |
[ ANÁLISIS IA · 1 CRÉDITO ]
¿Qué pasó realmente en esta partida?
Wolo.gg analiza cada decisión: build order, eco, micro, errores típicos por bracket. Análisis personalizado por WhatsApp o Discord en 30 segundos.
Guía civ
Vietnamitas
Perfil
Jugador #2723392